 Dungeon Crawl Stone Soup version 0.24-a0-725-gf1a930fc54 (webtiles) character file.

Game seed: 17561317462809304708, levelgen mode: deterministic

1808 Johnny the Geomancer (level 8, -2/57 HPs)
             Began as a Demigod Earth Elementalist on Oct 1, 2019.
             Slain by an orc warrior
             ... wielding a +2 dire flail of draining
              (26 damage)
             ... on level 6 of the Dungeon.
             The game lasted 00:07:50 (4702 turns).

Johnny the Geomancer (Demigod Earth Elementalist)   Turns: 4702, Time: 00:07:50

Health: -2/57      AC:  5    Str: 14    XL:     8   Next: 54%
Magic:  4/20       EV: 13    Int: 23    God:
Gold:   118        SH:  0    Dex: 14    Spells: 5/18 levels left

rFire    . . .     SeeInvis .   h - +10 war axe of Okawaru's Condemnation {chop, rC+}
rCold    + + .     Gourm    .   (no shield)
rNeg     . . .     Faith    .   n - +1 leather armour {rC+}
rPois    .         Spirit   .   (no helmet)
rElec    .         Reflect  .   (no cloak)
rCorr    .         Harm     .   f - +0 pair of gloves
MR       .....                  (no boots)
Stlth    ++........             (no amulet)
HPRegen  0.19/turn              v - +3 ring of strength
MPRegen  0.17/turn              (no ring)

@: very slightly contaminated, lightly drained
A: repulsion field 1, clumsy 1, high mp 1
a: no special abilities


You were on level 6 of the Dungeon.
You were not hungry.

You visited 1 branch of the dungeon, and saw 6 of its levels.

You collected 229 gold pieces.
You spent 111 gold pieces at shops.

Inventory:

Hand Weapons
 h - the +10 war axe of Okawaru's Condemnation (weapon) {chop, rC+}
   (You found it on level 6 of the Dungeon)

   It inflicts extra damage upon your enemies.
   It protects you from cold.
 l - a +3 trident of protection
Missiles
 b - 179 stones (quivered)
Armour
 f - a +0 pair of gloves (worn)
 k - a +2 buckler
 n - a +1 leather armour of cold resistance (worn)
 x - a +0 robe of cold resistance
Jewellery
 o - an uncursed ring of ice
 v - a +3 ring of strength (left hand)
Scrolls
 a - 4 scrolls of fog
 c - a scroll of magic mapping
 g - 2 scrolls of enchant armour
 i - 2 scrolls of amnesia
 m - a scroll of fear
 r - a scroll of noise
 t - a scroll of teleportation
 u - a scroll of immolation
Potions
 e - 2 potions of curing {unknown}
 p - a potion of berserk rage {unknown}
 q - a potion of resistance {unknown}
 s - a potion of heal wounds {unknown}
Comestibles
 d - 9 rations
 j - 6 chunks of flesh


   Skills:
 - Level 1.7(1.4) Dodging
 - Level 1.7(1.4) Stealth
 + Level 5.7(5.4) Spellcasting
 - Level 0.8(0.5) Transmutations
 * Level 9.1(8.7) Earth Magic


You had 5 spell levels left.
You knew the following spells:

 Your Spells              Type           Power        Failure   Level  Hunger
a - Sandblast             Erth           #####.       1%          1    None
b - Stone Arrow           Conj/Erth      ####..       6%          3    ##.....
c - Lee's Rapid Deconstr  Erth           #####.....   9%          5    #####..
d - Petrify               Tmut/Erth      ####....     17%         4    ####...

Your spell library contained the following spells:

 Spells                   Type           Power        Failure   Level  Hunger
 Passwall                 Tmut/Erth      ####....     2%          2    None
 Beastly Appendage        Tmut           #.....       10%         1    None
 Sticks to Snakes         Tmut           #.......     14%         2    None
 Spider Form              Tmut/Pois      #.........   30%         3    ##.....
 Ice Form                 Ice/Tmut       #.......     71%         4    ####...
 Blade Hands              Tmut           #.........   95%         5    #####..


Dungeon Overview and Level Annotations

Branches:
Dungeon (6/15)
 Temple: D:4-7

Shops:
D:5 [


Innate Abilities, Weirdness & Mutations

You have an increased reservoir of magic. (+10% MP)
You are surrounded by a mild repulsion field. (EV +2)
You are clumsy. (Dex -2)


Message History

The orc warrior closely misses you.
Casting: Sandblast (safe; 1% risk of failure)
Confirm with . or Enter, or press ? or * to list all spells.
Aiming: Lee's Rapid Deconstruction (safe; 8% risk of failure)
Press: ? - help, Dir - move target cursor, p - orc warrior A rock wall.
You miscast Lee's Rapid Deconstruction.
You are very lightly contaminated with residual magic.
You feel momentarily lethargic.
The orc warrior hits you with a +2 dire flail of draining!
You feel drained.
Unknown command.
Casting: Lee's Rapid Deconstruction (slightly dangerous; 9% risk of failure)
Confirm with . or Enter, or press ? or * to list all spells.
Aiming: Lee's Rapid Deconstruction (slightly dangerous; 9% risk of failure)
Press: ? - help, Dir - move target cursor A rock wall.
You miscast Lee's Rapid Deconstruction.
You feel gritty.
The orc warrior hits you with a +2 dire flail of draining!!
You die...

######## #..@ooo#
#.####o# ###.#.##.###
#######.)..#..oo.#
#.....#.#†#.##.#)#
#.###.#.#.####.#†...#
#.# #...#.. .>#.......#
#.###)##########..#.##o#
#...[.# #..#.#


You could see an orc warrior, an orc wizard and 2 orcs.

Vanquished Creatures
  Eustachio (D:4)
  The ghost of domsik the Slasher, an amateur HuFi (D:3)
  A water moccasin (D:6)
  A phantom (D:5)
  A sky beast (D:5)
  An ogre (D:4)
  2 centaurs (D:5)
  Blork the orc (D:4)
  3 scorpions
  2 howler monkeys
  2 crimson imps
  A hound (D:5)
  A centaur skeleton (D:5)
  6 orc priests
  4 orc wizards
  2 worker ants
  A hound zombie (D:5)
  4 gnolls (D:5)
  9 adders
  A shadow imp (D:5)
  4 oozes
  An adder skeleton (D:6)
  5 worms
  A dart slug (D:1)
  3 leopard geckos
  17 orcs
  4 bats
  7 giant cockroaches
  5 goblins
  8 hobgoblins
  8 jackals
  7 kobolds
  3 frilled lizards
  A jackal skeleton (D:5)
  A leopard gecko skeleton (D:5)
  8 rats
128 creatures vanquished.

Vanquished Creatures (others)
  A jelly (D:5)
  An iguana (D:5)
2 creatures vanquished.

Grand Total: 130 creatures vanquished

Notes
Turn   | Place    | Note
-------+----------+-------------------------------------------
     0 | D:1      | Johnny the Demigod Earth Elementalist began the quest for
                  | the Orb.
     0 | D:1      | Reached XP level 1. HP: 14/14 MP: 5/5
   224 | D:1      | Reached skill level 3 in Earth Magic
   503 | D:1      | Reached XP level 2. HP: 20/20 MP: 5/7
  1189 | D:2      | Reached XP level 3. HP: 25/26 MP: 7/9
  1487 | D:2      | Reached skill level 4 in Earth Magic
  1551 | D:2      | Reached XP level 4. HP: 21/33 MP: 4/10
  1950 | D:3      | Found a hazy altar of Hepliaklqana.
  2096 | D:3      | Found a runed translucent door.
  2144 | D:3      | Noticed domsik's ghost (amateur HuFi)
  2164 | D:3      | Gained mutation: You are clumsy. (Dex -2) [potion of
                  | mutation]
  2164 | D:3      | Gained mutation: You are surrounded by a mild repulsion
                  | field. (EV +2) [potion of mutation]
  2182 | D:3      | Killed domsik's ghost
  2182 | D:3      | Reached skill level 5 in Earth Magic
  2182 | D:3      | Reached XP level 5. HP: 11/38 MP: 0/12
  2325 | D:3      | Found a burning altar of Makhleb.
  2329 | D:3      | Found a shimmering altar of Xom.
  2534 | D:3      | Found a shimmering blue altar of Sif Muna.
  2782 | D:4      | Noticed Blork the orc
  2800 | D:4      | Killed Blork the orc
  2800 | D:4      | Reached XP level 6. HP: 24/45 MP: 10/14
  2806 | D:4      | Reached skill level 6 in Earth Magic
  3108 | D:4      | Found a radiant altar of Vehumet.
  3325 | D:4      | Noticed Eustachio
  3331 | D:4      | Killed Eustachio
  3331 | D:4      | Reached XP level 7. HP: 47/50 MP: 11/16
  3396 | D:4      | Learned a level 3 spell: Stone Arrow
  3402 | D:4      | Learned a level 5 spell: Lee's Rapid Deconstruction
  3407 | D:4      | Learned a level 4 spell: Petrify
  3696 | D:5      | Entered Level 5 of the Dungeon
  3824 | D:5      | Reached skill level 7 in Earth Magic
  3981 | D:5      | Found Olodanukk's Antique Armour Shoppe.
  3989 | D:5      | Bought a glowing robe for 111 gold pieces
  4207 | D:5      | Reached skill level 5 in Spellcasting
  4207 | D:5      | Reached XP level 8. HP: 57/57 MP: 5/19
  4218 | D:5      | Reached skill level 8 in Earth Magic
  4476 | D:5      | Found a sacrificial altar of Ru.
  4647 | D:6      | Got an encrusted war axe
  4648 | D:6      | Identified the +10 war axe of Okawaru's Condemnation {chop,
                  | rC+} (You found it on level 6 of the Dungeon)
  4692 | D:6      | Reached skill level 9 in Earth Magic
  4702 | D:6      | Slain by an orc warrior

Levels and vault maps discovered:
D:1:      evilmike_arrival_rings, layout_basic
D:2:      layout_rooms, kennysheep_generic_room_3
D:3:      layout_loops_ring, grunt_temple_overflow_champion_of_chaos,
          old_standard_altar, lemuel_doored_altar, first_ration,
          ebering_ghost_sewer_d
D:4:      layout_basic, nicolae_overflow_hidden_temple, vehumet_altar_wand_db,
          uniq_eustachio, uniq_blork_the_orc
D:5:      layout_rooms, lemuel_coloured_pillars_altar, serial_shops,
          kennysheep_mini, feat_on_display
D:6:      layout_loops_cross, marbit_many_paths

Skill      XL: |  1  2  3  4  5  6  7  8 |
---------------+-------------------------+-----
Earth Magic    | 3 4 5 6 7 9 |  9.1
Spellcasting   | 2 3 4 5 |  5.7
Dodging        | |  1.7
Stealth        | |  1.7
Transmutations | |  0.8

Action                   |  1- 3 |  4- 6 |  7- 9 || total
-------------------------+-------+-------+-------++-------
Melee: Unarmed           |    32 |    12 |       ||    44
       Trident           |       |    26 |    22 ||    48
       War axe           |       |       |     2 ||     2
 Cast: Sandblast         |    62 |    68 |    65 ||   195
Evoke: Wand              |       |     3 |    15 ||    18
  Use: Potion            |       |     3 |       ||     3
       Scroll            |       |       |    12 ||    12
 Stab: Sleeping          |     3 |       |     2 ||     5
       Distracted        |       |     1 |       ||     1
  Eat: Chunk             |     2 |     6 |     4 ||    12
Armor: Robe              |    18 |     2 |       ||    20
       Leather armour    |       |    22 |     7 ||    29
Dodge: Dodged            |    42 |    61 |    31 ||   134

Table legend:
 A = Non-vault XP
 B = Vault XP
 C = Vault XP percentage of total XP
 D = Non-vault monster count
 E = Vault monster count
 F = Vault count percentage of total count
                 A         B        C        D         E       F
            +---------+---------+-------+---------+---------+-------
      Total |    2056 |     528 |  20.4 |     122 |       6 |   4.7
            +---------+---------+-------+---------+---------+-------
        D:1 |      47 |       0 |   0.0 |      24 |       0 |   0.0
        D:2 |      98 |       0 |   0.0 |      24 |       0 |   0.0
        D:3 |      24 |     247 |  91.1 |       9 |       3 |  25.0
        D:4 |     412 |     281 |  40.5 |      21 |       3 |  12.5
        D:5 |    1004 |       0 |   0.0 |      31 |       0 |   0.0
        D:6 |     471 |       0 |   0.0 |      13 |       0 |   0.0
            +---------+---------+-------+---------+---------+-------
